Connexion

Barracuda vs Crunch

Created - 12 avril 2024 at 07:33

Goals
1 2 3 T
Barracuda 0 0 3 3
Crunch 4 1 0 5
Shots
1 2 3 T
Barracuda 11 10 10 31
Crunch 14 11 10 35

GoalsPenalties
1st period
1. Crunch , Thomas Tynan 1 (Axel Andersson 1) at 2:01
2. Crunch , Patrick Harper 1 (Garnet Hathaway 1, Xavier Bouchard 1) at 5:54
3. Crunch , Mike Vecchione 3 (Jean-Christophe Beaudin 1, Austin Strand 2) at 7:27 (PP)
4. Crunch , Jean-Christophe Beaudin 2 (Blaine Byron 3, Axel Andersson 2) at 14:27
Julius Bergman (SAN) for Tripping (Minor) at 6:19
Matthew Phillips (SAN) for Slashing (Minor) at 10:25
2nd period
5. Crunch , Mike Vecchione 4 (Riley Nash 2, Austin Strand 3) at 3:13
Austin Strand (SYR) for Holding (Minor) at 11:01
Brendan Warren (SAN) for Hooking (Minor) at 11:46
3rd period
6. Barracuda , Adam Cracknell 1 (Nicolas Meloche 2) at 0:06
7. Barracuda , Brendan Warren 1 (Adam Cracknell 1, Robert Bortuzzo 1) at 1:01
8. Barracuda , Brendan Warren 2 (Adam Cracknell 2, Scott Harrington 1) at 1:29
Thomas Tynan (SYR) for Tripping (Minor) at 0:45
Andy Welinski (SAN) for Tripping (Minor) at 0:45
Xavier Bouchard (SYR) for Roughing (Double Minor) at 8:28
Julius Bergman (SAN) for High sticking (Minor) at 12:34
Goalie Stats
Joel Rumpel (SAN), 9 saves from 13 shots - (0,692), L, 0-2-0, 14:27 minutes
Garrett Metcalf (SAN), 21 saves from 22 shots - (0,955), 45:33 minutes
Tyler Parsons (SYR), 28 saves from 31 shots - (0,903), W, 2-0-0, 60:00 minutes
3 StarsOfficial
1 - Adam Cracknell (SAN)
2 - Jean-Christophe Beaudin (SYR)
3 - Mike Vecchione (SYR)
Referees : Frederick L'Ecuyer and Don Koharski
Linesman : Lonnie Cameron and Andy McElman
Game Note
Garrett Metcalf enters game at 14:27 of 1st period
Finance
Level 1 -- Attendance: 2000 (100,00%) -- Ticket Income $40,000
Level 2 -- Attendance: 1000 (100,00%) -- Ticket Income $15,000
Total Attendance: 3000 (100,00%)
Total Ticket Income: $55,000
Other Income: $11,000
Total Income: $66,000



Team Name Goals Shots Shots Attemp Shots Blocked PIM HIT PP PK FO%
Barracuda 33154610240 / 3 (0%)142%
Crunch 5355668241 / 4 (25%)058%

Barracuda
Player Name POS G A P +/- PIM HIT SHT SB MP PP MP PP SHT PK MP PK SHT FO% FOT
Adam Cracknell C/LW/RW1232052026:102:2103:03045% 38
Albin GreweLW/RW000000003:231:2400:0000% 1
Alex DostieC/LW0000002020:401:5303:19035% 17
Alexis D'AoustC/RW0000002016:401:5300:0000% 2
Anatoly GolyshevLW/RW000-101003:050:0000:0000% 0
Andrei AltybarmakyanRW000-3022012:260:0000:0000% 0
Andy WelinskiD0000221020:292:3613:0500% 0
Brendan WarrenC/LW2022207024:072:1701:4400% 2
Dmitry ZavgorodniyLW000000000:410:3000:0000% 0
Fredrik OlofssonC/LW000-3001012:420:0000:1600% 1
Graham KnottC/LW0000041017:181:5310:380100% 2
Jordy BelleriveC000-3003014:160:0001:50040% 15
Julius BergmanD000-1401112:190:0000:0000% 0
Matthew PhillipsC/RW0001222019:422:0001:08080% 5
Nicolas MelocheD0110023226:502:0812:2700% 0
Robert BortuzzoD0110033126:502:0812:2700% 0
Scott HarringtonD0111031121:302:3602:5600% 0
Stepan FalkovskyD000-2000111:430:0000:3100% 0
Crunch
Player Name POS G A P +/- PIM HIT SHT SB MP PP MP PP SHT PK MP PK SHT FO% FOT
Austin StrandD022-1215122:573:0042:0000% 0
Axel AnderssonD0221012221:562:5121:4200% 0
Blaine ByronC/LW0112013118:282:4400:4000% 1
Blake McLaughlinC/LW000000004:010:0000:000100% 2
Connor CorcoranD0001001121:512:2202:0600% 0
Garnet HathawayRW011-1031019:080:0002:4000% 1
Jaycob MegnaD000-1040123:503:0002:2200% 0
Jean-Christophe BeaudinC/RW1122025019:043:0710:53040% 5
Kody ClarkRW000000103:470:0000:000100% 1
Mason ShawC/LW0000032016:593:0700:0000% 0
Mike VecchioneC/RW2020003020:363:0720:00050% 6
Mikko KokkonenD0001030015:290:2900:5600% 0
Nicolas Aube-KubelRW000001004:202:4401:2600% 0
Patrick HarperC/LW101-1007016:280:0000:00065% 20
Paul BittnerLW0001012013:430:0000:0000% 0
Riley NashC0110030016:150:0002:23062% 21
Thomas TynanC1012213019:132:4401:26054% 26
Xavier BouchardD0111400013:550:0000:2200% 0



Play-by-Play

1st period


0:01 of 1st period - Mike Vecchione wins face-off versus Brendan Warren in neutral zone.
0:01 of 1st period - Austin Strand is hit by Matthew Phillips and loses puck.
0:30 of 1st period - Mason Shaw is hit by Robert Bortuzzo and loses puck.
0:47 of 1st period - Off-side.
0:48 of 1st period - Thomas Tynan wins face-off versus Alex Dostie in neutral zone.
0:48 of 1st period - Thomas Tynan is hit by Graham Knott.
0:59 of 1st period - Icing by Andy Welinski.
1:00 of 1st period - Patrick Harper wins face-off versus Alex Dostie in Barracuda zone.
1:09 of 1st period - Shot by Patrick Harper.
1:09 of 1st period - Stopped by Joel Rumpel with a rebound.
1:11 of 1st period - Shot by Mikko Kokkonen.
1:11 of 1st period - Shot Misses the Net.
1:59 of 1st period - Shot by Thomas Tynan.
1:59 of 1st period - Shot Misses the Net.
2:01 of 1st period - Shot by Thomas Tynan.
2:01 of 1st period - Goal by Thomas Tynan - Barracuda : 0 - Crunch : 1.
2:02 of 1st period - Adam Cracknell wins face-off versus Mike Vecchione in neutral zone.
2:09 of 1st period - Shot by Brendan Warren.
2:09 of 1st period - Stopped by Tyler Parsons without a rebound.
2:10 of 1st period - Thomas Tynan wins face-off versus Jordy Bellerive in Crunch zone.
2:10 of 1st period - Thomas Tynan is hit by Andrei Altybarmakyan.
2:40 of 1st period - Icing by Thomas Tynan.
2:41 of 1st period - Adam Cracknell wins face-off versus Thomas Tynan in Crunch zone.
2:52 of 1st period - Shot by Blaine Byron.
2:52 of 1st period - Shot Misses the Net.
2:58 of 1st period - Blaine Byron is hit by Adam Cracknell and loses puck.
3:22 of 1st period - Axel Andersson is hit by Adam Cracknell and loses puck.
3:26 of 1st period - Off-side.
3:27 of 1st period - Riley Nash wins face-off versus Jordy Bellerive in neutral zone.
3:51 of 1st period - Jordy Bellerive is hit by Jaycob Megna and loses puck.
3:54 of 1st period - Shot by Jordy Bellerive.
3:54 of 1st period - Stopped by Tyler Parsons without a rebound.
3:55 of 1st period - Patrick Harper wins face-off versus Alex Dostie in Crunch zone.
3:55 of 1st period - Patrick Harper is hit by Graham Knott.
4:06 of 1st period - Off-side.
4:07 of 1st period - Adam Cracknell wins face-off versus Mike Vecchione in neutral zone.
4:20 of 1st period - Kody Clark is hit by Anatoly Golyshev and loses puck.
5:22 of 1st period - Shot by Alexis D'Aoust.
5:22 of 1st period - Shot Misses the Net.
5:54 of 1st period - Shot by Patrick Harper.
5:54 of 1st period - Goal by Patrick Harper - Barracuda : 0 - Crunch : 2.
5:55 of 1st period - Thomas Tynan wins face-off versus Jordy Bellerive in neutral zone.
6:02 of 1st period - Icing by Jordy Bellerive.
6:03 of 1st period - Jordy Bellerive wins face-off versus Thomas Tynan in Barracuda zone.
6:03 of 1st period - Jordy Bellerive is hit by Jean-Christophe Beaudin.
6:19 of 1st period - Shot by Thomas Tynan.
6:19 of 1st period - Stopped by Joel Rumpel without a rebound.
6:19 of 1st period - Minor Penalty to Julius Bergman for Tripping.
6:20 of 1st period - Thomas Tynan wins face-off versus Adam Cracknell in Barracuda zone.
6:31 of 1st period - Shot by Axel Andersson.
6:31 of 1st period - Stopped by Joel Rumpel without a rebound.
6:32 of 1st period - Mike Vecchione wins face-off versus Adam Cracknell in Barracuda zone.
6:48 of 1st period - Shot by Jean-Christophe Beaudin.
6:48 of 1st period - Deflect By Mike Vecchione.
6:48 of 1st period - Stopped by Joel Rumpel without a rebound.
6:49 of 1st period - Adam Cracknell wins face-off versus Thomas Tynan in Barracuda zone.
7:06 of 1st period - Shot by Axel Andersson.
7:06 of 1st period - Stopped by Joel Rumpel without a rebound.
7:07 of 1st period - Matthew Phillips wins face-off versus Jean-Christophe Beaudin in Barracuda zone.
7:16 of 1st period - Robert Bortuzzo is hit by Jean-Christophe Beaudin and loses puck.
7:25 of 1st period - Shot by Austin Strand.
7:25 of 1st period - Shot Misses the Net.
7:27 of 1st period - Shot by Jean-Christophe Beaudin.
7:27 of 1st period - Deflect By Mike Vecchione.
7:27 of 1st period - Goal by Mike Vecchione - Barracuda : 0 - Crunch : 3.
7:28 of 1st period - Jordy Bellerive wins face-off versus Patrick Harper in neutral zone.
7:28 of 1st period - Scott Harrington is hit by Garnet Hathaway and loses puck.
8:45 of 1st period - Shot by Matthew Phillips.
8:45 of 1st period - Stopped by Tyler Parsons with a rebound.
8:47 of 1st period - Shot by Brendan Warren.
8:47 of 1st period - Stopped by Tyler Parsons with a rebound.
8:59 of 1st period - Shot by Mason Shaw.
8:59 of 1st period - Stopped by Joel Rumpel without a rebound.
9:00 of 1st period - Graham Knott wins face-off versus Thomas Tynan in Barracuda zone.
9:06 of 1st period - Icing by Xavier Bouchard.
9:07 of 1st period - Thomas Tynan wins face-off versus Alex Dostie in Crunch zone.
9:18 of 1st period - Shot by Jean-Christophe Beaudin.
9:18 of 1st period - Shot Misses the Net.
9:36 of 1st period - Shot by Alex Dostie.
9:36 of 1st period - Stopped by Tyler Parsons without a rebound.
9:37 of 1st period - Jordy Bellerive wins face-off versus Riley Nash in Crunch zone.
9:48 of 1st period - Shot by Andrei Altybarmakyan.
9:48 of 1st period - Stopped by Tyler Parsons without a rebound.
9:49 of 1st period - Patrick Harper wins face-off versus Adam Cracknell in Crunch zone.
9:55 of 1st period - Icing by Patrick Harper.
9:56 of 1st period - Patrick Harper wins face-off versus Adam Cracknell in Crunch zone.
9:56 of 1st period - Patrick Harper is hit by Adam Cracknell .
10:25 of 1st period - Minor Penalty to Matthew Phillips for Slashing.
10:26 of 1st period - Jean-Christophe Beaudin wins face-off versus Adam Cracknell in Barracuda zone.
10:45 of 1st period - Shot by Austin Strand.
10:45 of 1st period - Stopped by Joel Rumpel without a rebound.
10:46 of 1st period - Jordy Bellerive wins face-off versus Blaine Byron in Barracuda zone.
12:47 of 1st period - Shot by Jordy Bellerive.
12:47 of 1st period - Shot Misses the Net.
13:42 of 1st period - Shot by Nicolas Meloche.
13:42 of 1st period - Stopped by Tyler Parsons without a rebound.
13:43 of 1st period - Alex Dostie wins face-off versus Riley Nash in Crunch zone.
13:50 of 1st period - Alexis D'Aoust is hit by Mason Shaw and loses puck.
14:21 of 1st period - Shot by Thomas Tynan.
14:21 of 1st period - Stopped by Joel Rumpel without a rebound.
14:22 of 1st period - Thomas Tynan wins face-off versus Jordy Bellerive in Barracuda zone.
14:25 of 1st period - Shot by Blaine Byron.
14:25 of 1st period - Stopped by Joel Rumpel with a rebound.
14:27 of 1st period - Shot by Jean-Christophe Beaudin.
14:27 of 1st period - Goal by Jean-Christophe Beaudin - Barracuda : 0 - Crunch : 4.
14:27 of 1st period - Garrett Metcalf enters game.
14:28 of 1st period - Adam Cracknell wins face-off versus Thomas Tynan in neutral zone.
14:28 of 1st period - Brendan Warren is hit by Thomas Tynan and loses puck.
14:47 of 1st period - Shot by Adam Cracknell .
14:47 of 1st period - Stopped by Tyler Parsons without a rebound.
14:48 of 1st period - Patrick Harper wins face-off versus Jordy Bellerive in Crunch zone.
14:48 of 1st period - Patrick Harper is hit by Andrei Altybarmakyan.
14:53 of 1st period - Icing by Xavier Bouchard.
14:54 of 1st period - Adam Cracknell wins face-off versus Patrick Harper in Crunch zone.
14:55 of 1st period - Shot by Robert Bortuzzo.
14:55 of 1st period - Shot Misses the Net.
15:12 of 1st period - Shot by Matthew Phillips.
15:12 of 1st period - Shot Misses the Net.
15:34 of 1st period - Shot by Patrick Harper.
15:34 of 1st period - Stopped by Garrett Metcalf with a rebound.
16:17 of 1st period - Shot by Fredrik Olofsson.
16:17 of 1st period - Stopped by Tyler Parsons without a rebound.
16:18 of 1st period - Thomas Tynan wins face-off versus Alexis D'Aoust in Crunch zone.
17:00 of 1st period - Icing by Axel Andersson.
17:01 of 1st period - Thomas Tynan wins face-off versus Jordy Bellerive in Crunch zone.
17:35 of 1st period - Axel Andersson is hit by Robert Bortuzzo and loses puck.
17:57 of 1st period - Shot by Matthew Phillips.
17:57 of 1st period - Shot Misses the Net.
18:03 of 1st period - Shot by Brendan Warren.
18:03 of 1st period - Stopped by Tyler Parsons without a rebound.
18:04 of 1st period - Alex Dostie wins face-off versus Riley Nash in Crunch zone.
18:04 of 1st period - Graham Knott is hit by Jaycob Megna and loses puck.
18:20 of 1st period - Shot by Alex Dostie.
18:20 of 1st period - Stopped by Tyler Parsons without a rebound.
18:21 of 1st period - Patrick Harper wins face-off versus Adam Cracknell in Crunch zone.
19:54 of 1st period - Icing by Nicolas Meloche.
19:55 of 1st period - Kody Clark wins face-off versus Alexis D'Aoust in Barracuda zone.
19:56 of 1st period - Shot by Mike Vecchione.
19:56 of 1st period - Shot Blocked by Nicolas Meloche.
Goals for this period are 0 for Barracuda vs 4 for Crunch.
Shots for this period are 11 for Barracuda vs 14 for Crunch.

2nd period


0:01 of 2nd period - Adam Cracknell wins face-off versus Riley Nash in neutral zone.
0:27 of 2nd period - Mason Shaw is hit by Nicolas Meloche and loses puck.
2:59 of 2nd period - Icing by Robert Bortuzzo.
3:00 of 2nd period - Riley Nash wins face-off versus Adam Cracknell in Barracuda zone.
3:13 of 2nd period - Shot by Riley Nash.
3:13 of 2nd period - Deflect By Mike Vecchione.
3:13 of 2nd period - Goal by Mike Vecchione - Barracuda : 0 - Crunch : 5.
3:14 of 2nd period - Patrick Harper wins face-off versus Alex Dostie in neutral zone.
3:26 of 2nd period - Andy Welinski is hit by Mikko Kokkonen and loses puck.
3:38 of 2nd period - Shot by Alex Dostie.
3:38 of 2nd period - Deflect By Alexis D'Aoust.
3:38 of 2nd period - Stopped by Tyler Parsons without a rebound.
3:39 of 2nd period - Riley Nash wins face-off versus Jordy Bellerive in Crunch zone.
4:55 of 2nd period - Shot by Nicolas Meloche.
4:55 of 2nd period - Stopped by Tyler Parsons with a rebound.
4:57 of 2nd period - Shot by Robert Bortuzzo.
4:57 of 2nd period - Stopped by Tyler Parsons without a rebound.
4:58 of 2nd period - Adam Cracknell wins face-off versus Mike Vecchione in Crunch zone.
4:59 of 2nd period - Shot by Matthew Phillips.
4:59 of 2nd period - Stopped by Tyler Parsons without a rebound.
5:00 of 2nd period - Patrick Harper wins face-off versus Adam Cracknell in Crunch zone.
5:08 of 2nd period - Patrick Harper is hit by Scott Harrington and loses puck.
5:21 of 2nd period - Shot by Patrick Harper.
5:21 of 2nd period - Stopped by Garrett Metcalf without a rebound.
5:22 of 2nd period - Blake McLaughlin wins face-off versus Alex Dostie in Barracuda zone.
5:47 of 2nd period - Alex Dostie is hit by Jaycob Megna and loses puck.
6:34 of 2nd period - Shot by Thomas Tynan.
6:34 of 2nd period - Shot Misses the Net.
6:36 of 2nd period - Shot by Blaine Byron.
6:36 of 2nd period - Stopped by Garrett Metcalf without a rebound.
6:37 of 2nd period - Patrick Harper wins face-off versus Fredrik Olofsson in Barracuda zone.
7:00 of 2nd period - Shot by Patrick Harper.
7:00 of 2nd period - Shot Blocked by Julius Bergman.
7:02 of 2nd period - Shot by Paul Bittner.
7:02 of 2nd period - Shot Misses the Net.
7:16 of 2nd period - Shot by Paul Bittner.
7:16 of 2nd period - Stopped by Garrett Metcalf without a rebound.
7:17 of 2nd period - Riley Nash wins face-off versus Adam Cracknell in Barracuda zone.
7:40 of 2nd period - Shot by Scott Harrington.
7:40 of 2nd period - Stopped by Tyler Parsons without a rebound.
7:41 of 2nd period - Alex Dostie wins face-off versus Thomas Tynan in Crunch zone.
7:41 of 2nd period - Alexis D'Aoust is hit by Axel Andersson and loses puck.
8:42 of 2nd period - Andy Welinski is hit by Riley Nash and loses puck.
8:57 of 2nd period - Shot by Adam Cracknell .
8:57 of 2nd period - Shot Misses the Net.
9:11 of 2nd period - Shot by Adam Cracknell .
9:11 of 2nd period - Shot Blocked by Jaycob Megna.
9:49 of 2nd period - Jordy Bellerive is hit by Paul Bittner and loses puck.
10:05 of 2nd period - Icing by Xavier Bouchard.
10:06 of 2nd period - Alex Dostie wins face-off versus Patrick Harper in Crunch zone.
10:17 of 2nd period - Shot by Patrick Harper.
10:17 of 2nd period - Stopped by Garrett Metcalf without a rebound.
10:18 of 2nd period - Thomas Tynan wins face-off versus Brendan Warren in Barracuda zone.
10:19 of 2nd period - Shot by Jean-Christophe Beaudin.
10:19 of 2nd period - Stopped by Garrett Metcalf without a rebound.
10:20 of 2nd period - Thomas Tynan wins face-off versus Adam Cracknell in Barracuda zone.
10:27 of 2nd period - Shot by Matthew Phillips.
10:27 of 2nd period - Deflect By Brendan Warren.
10:27 of 2nd period - Stopped by Tyler Parsons without a rebound.
10:28 of 2nd period - Thomas Tynan wins face-off versus Adam Cracknell in Crunch zone.
10:28 of 2nd period - Thomas Tynan is hit by Matthew Phillips.
10:39 of 2nd period - Icing by Matthew Phillips.
10:40 of 2nd period - Adam Cracknell wins face-off versus Riley Nash in Barracuda zone.
10:40 of 2nd period - Brendan Warren is hit by Riley Nash and loses puck.
11:00 of 2nd period - Shot by Brendan Warren.
11:00 of 2nd period - Shot Misses the Net.
11:01 of 2nd period - Minor Penalty to Austin Strand for Holding.
11:02 of 2nd period - Riley Nash wins face-off versus Alex Dostie in Crunch zone.
11:21 of 2nd period - Shot by Graham Knott.
11:21 of 2nd period - Stopped by Tyler Parsons with a rebound.
11:29 of 2nd period - Shot by Andy Welinski.
11:29 of 2nd period - Stopped by Tyler Parsons without a rebound.
11:30 of 2nd period - Riley Nash wins face-off versus Adam Cracknell in Crunch zone.
11:46 of 2nd period - Minor Penalty to Brendan Warren for Hooking.
11:47 of 2nd period - Adam Cracknell wins face-off versus Patrick Harper in Barracuda zone.
12:02 of 2nd period - Shot by Patrick Harper.
12:02 of 2nd period - Stopped by Garrett Metcalf without a rebound.
12:03 of 2nd period - Patrick Harper wins face-off versus Adam Cracknell in Barracuda zone.
12:30 of 2nd period - Shot by Garnet Hathaway.
12:30 of 2nd period - Stopped by Garrett Metcalf with a rebound.
12:49 of 2nd period - Icing by Albin Grewe.
12:50 of 2nd period - Blake McLaughlin wins face-off versus Adam Cracknell in Barracuda zone.
12:53 of 2nd period - Shot by Paul Bittner.
12:53 of 2nd period - Shot Misses the Net.
13:33 of 2nd period - Shot by Austin Strand.
13:33 of 2nd period - Stopped by Garrett Metcalf without a rebound.
13:34 of 2nd period - Adam Cracknell wins face-off versus Thomas Tynan in Barracuda zone.
13:34 of 2nd period - Adam Cracknell is hit by Blaine Byron.
13:54 of 2nd period - Shot by Fredrik Olofsson.
13:54 of 2nd period - Shot Misses the Net.
14:04 of 2nd period - Shot by Jordy Bellerive.
14:04 of 2nd period - Stopped by Tyler Parsons without a rebound.
14:05 of 2nd period - Alex Dostie wins face-off versus Thomas Tynan in Crunch zone.
14:38 of 2nd period - Shot by Jean-Christophe Beaudin.
14:38 of 2nd period - Stopped by Garrett Metcalf without a rebound.
14:39 of 2nd period - Riley Nash wins face-off versus Adam Cracknell in Barracuda zone.
14:53 of 2nd period - Shot by Brendan Warren.
14:53 of 2nd period - Stopped by Tyler Parsons without a rebound.
14:54 of 2nd period - Jordy Bellerive wins face-off versus Garnet Hathaway in Crunch zone.
15:14 of 2nd period - Shot by Patrick Harper.
15:14 of 2nd period - Stopped by Garrett Metcalf without a rebound.
15:15 of 2nd period - Riley Nash wins face-off versus Adam Cracknell in Barracuda zone.
15:21 of 2nd period - Mike Vecchione is hit by Robert Bortuzzo and loses puck.
15:25 of 2nd period - Icing by Robert Bortuzzo.
15:26 of 2nd period - Matthew Phillips wins face-off versus Thomas Tynan in Barracuda zone.
16:14 of 2nd period - Robert Bortuzzo is hit by Austin Strand and loses puck.
16:24 of 2nd period - Off-side.
16:25 of 2nd period - Riley Nash wins face-off versus Alex Dostie in neutral zone.
16:28 of 2nd period - Scott Harrington is hit by Mason Shaw and loses puck.
16:32 of 2nd period - Icing by Scott Harrington.
16:33 of 2nd period - Graham Knott wins face-off versus Riley Nash in Barracuda zone.
16:38 of 2nd period - Axel Andersson is hit by Graham Knott and loses puck.
17:06 of 2nd period - Mason Shaw is hit by Andy Welinski and loses puck.
18:03 of 2nd period - Garnet Hathaway is hit by Nicolas Meloche and loses puck.
Goals for this period are 0 for Barracuda vs 1 for Crunch.
Shots for this period are 10 for Barracuda vs 11 for Crunch.

3rd period


0:01 of 3rd period - Adam Cracknell wins face-off versus Riley Nash in neutral zone.
0:06 of 3rd period - Shot by Adam Cracknell .
0:06 of 3rd period - Goal by Adam Cracknell - Barracuda : 1 - Crunch : 5.
0:07 of 3rd period - Riley Nash wins face-off versus Adam Cracknell in neutral zone.
0:24 of 3rd period - Shot by Mason Shaw.
0:24 of 3rd period - Stopped by Garrett Metcalf with a rebound.
0:26 of 3rd period - Shot by Austin Strand.
0:26 of 3rd period - Stopped by Garrett Metcalf without a rebound.
0:27 of 3rd period - Thomas Tynan wins face-off versus Alex Dostie in Barracuda zone.
0:27 of 3rd period - Thomas Tynan is hit by Scott Harrington.
0:37 of 3rd period - Shot by Connor Corcoran.
0:37 of 3rd period - Shot Misses the Net.
0:43 of 3rd period - Shot by Thomas Tynan.
0:43 of 3rd period - Shot Blocked by Scott Harrington.
0:45 of 3rd period - Shot by Connor Corcoran.
0:45 of 3rd period - Stopped by Garrett Metcalf without a rebound.
0:45 of 3rd period - Minor Penalty to Thomas Tynan for Tripping.
0:45 of 3rd period - Minor Penalty to Andy Welinski for Tripping.
0:46 of 3rd period - Adam Cracknell wins face-off versus Patrick Harper in Barracuda zone.
1:01 of 3rd period - Shot by Adam Cracknell .
1:01 of 3rd period - Deflect By Brendan Warren.
1:01 of 3rd period - Goal by Brendan Warren - Barracuda : 2 - Crunch : 5.
1:02 of 3rd period - Adam Cracknell wins face-off versus Patrick Harper in neutral zone.
1:21 of 3rd period - Shot by Adam Cracknell .
1:21 of 3rd period - Shot Misses the Net.
1:23 of 3rd period - Shot by Adam Cracknell .
1:23 of 3rd period - Shot Hit the Post.
1:27 of 3rd period - Shot by Adam Cracknell .
1:27 of 3rd period - Shot Misses the Net.
1:29 of 3rd period - Shot by Brendan Warren.
1:29 of 3rd period - Goal by Brendan Warren - Barracuda : 3 - Crunch : 5.
1:30 of 3rd period - Adam Cracknell wins face-off versus Patrick Harper in neutral zone.
2:06 of 3rd period - Icing by Jaycob Megna.
2:07 of 3rd period - Patrick Harper wins face-off versus Matthew Phillips in Crunch zone.
2:31 of 3rd period - Shot by Matthew Phillips.
2:31 of 3rd period - Shot Misses the Net.
2:36 of 3rd period - Alex Dostie is hit by Jaycob Megna and loses puck.
2:50 of 3rd period - Shot by Jordy Bellerive.
2:50 of 3rd period - Deflect By Andrei Altybarmakyan.
2:50 of 3rd period - Stopped by Tyler Parsons without a rebound.
2:51 of 3rd period - Riley Nash wins face-off versus Jordy Bellerive in Crunch zone.
3:13 of 3rd period - Shot by Jordy Bellerive.
3:13 of 3rd period - Stopped by Tyler Parsons without a rebound.
3:14 of 3rd period - Thomas Tynan wins face-off versus Adam Cracknell in Crunch zone.
4:03 of 3rd period - Shot by Alexis D'Aoust.
4:03 of 3rd period - Stopped by Tyler Parsons without a rebound.
4:04 of 3rd period - Riley Nash wins face-off versus Alex Dostie in Crunch zone.
4:04 of 3rd period - Riley Nash is hit by Graham Knott.
4:20 of 3rd period - Shot by Riley Nash.
4:20 of 3rd period - Shot Misses the Net.
4:22 of 3rd period - Shot by Riley Nash.
4:22 of 3rd period - Shot Misses the Net.
4:24 of 3rd period - Shot by Mason Shaw.
4:24 of 3rd period - Shot Misses the Net.
5:01 of 3rd period - Off-side.
5:02 of 3rd period - Jordy Bellerive wins face-off versus Thomas Tynan in neutral zone.
6:33 of 3rd period - Matthew Phillips is hit by Garnet Hathaway and loses puck.
6:43 of 3rd period - Brendan Warren is hit by Garnet Hathaway and loses puck.
7:08 of 3rd period - Shot by Mason Shaw.
7:08 of 3rd period - Shot Misses the Net.
7:45 of 3rd period - Shot by Kody Clark.
7:45 of 3rd period - Stopped by Garrett Metcalf without a rebound.
7:46 of 3rd period - Thomas Tynan wins face-off versus Jordy Bellerive in Barracuda zone.
8:04 of 3rd period - Blaine Byron is hit by Scott Harrington and loses puck.
8:11 of 3rd period - Shot by Jean-Christophe Beaudin.
8:11 of 3rd period - Deflect By Blaine Byron.
8:11 of 3rd period - Stopped by Garrett Metcalf without a rebound.
8:12 of 3rd period - Patrick Harper wins face-off versus Adam Cracknell in Barracuda zone.
8:12 of 3rd period - Mikko Kokkonen is hit by Andy Welinski and loses puck.
8:28 of 3rd period - Double Minor Penalty to Xavier Bouchard for Roughing.
8:29 of 3rd period - Alex Dostie wins face-off versus Riley Nash in Crunch zone.
8:34 of 3rd period - Shot by Alexis D'Aoust.
8:34 of 3rd period - Shot Blocked by Austin Strand.
8:36 of 3rd period - Shot by Nicolas Meloche.
8:36 of 3rd period - Stopped by Tyler Parsons without a rebound.
8:37 of 3rd period - Riley Nash wins face-off versus Adam Cracknell in Crunch zone.
8:37 of 3rd period - Riley Nash is hit by Adam Cracknell .
11:18 of 3rd period - Shot by Brendan Warren.
11:18 of 3rd period - Shot Misses the Net.
11:20 of 3rd period - Shot by Brendan Warren.
11:20 of 3rd period - Shot Misses the Net.
11:36 of 3rd period - Shot by Robert Bortuzzo.
11:36 of 3rd period - Stopped by Tyler Parsons without a rebound.
11:37 of 3rd period - Adam Cracknell wins face-off versus Thomas Tynan in Crunch zone.
12:34 of 3rd period - Minor Penalty to Julius Bergman for High sticking.
12:35 of 3rd period - Matthew Phillips wins face-off versus Jean-Christophe Beaudin in Barracuda zone.
12:50 of 3rd period - Shot by Matthew Phillips.
12:50 of 3rd period - Shot Misses the Net.
13:36 of 3rd period - Shot by Austin Strand.
13:36 of 3rd period - Stopped by Garrett Metcalf with a rebound.
13:40 of 3rd period - Shot by Austin Strand.
13:40 of 3rd period - Stopped by Garrett Metcalf without a rebound.
13:41 of 3rd period - Matthew Phillips wins face-off versus Jean-Christophe Beaudin in Barracuda zone.
13:59 of 3rd period - Icing by Jean-Christophe Beaudin.
14:00 of 3rd period - Jean-Christophe Beaudin wins face-off versus Adam Cracknell in Crunch zone.
14:05 of 3rd period - Shot by Axel Andersson.
14:05 of 3rd period - Shot Misses the Net.
14:07 of 3rd period - Shot by Jean-Christophe Beaudin.
14:07 of 3rd period - Shot Blocked by Nicolas Meloche.
14:09 of 3rd period - Shot by Jean-Christophe Beaudin.
14:09 of 3rd period - Stopped by Garrett Metcalf without a rebound.
14:10 of 3rd period - Adam Cracknell wins face-off versus Thomas Tynan in Barracuda zone.
14:10 of 3rd period - Adam Cracknell is hit by Nicolas Aube-Kubel.
15:50 of 3rd period - Shot by Mason Shaw.
15:50 of 3rd period - Deflect By Mike Vecchione.
15:50 of 3rd period - Shot Misses the Net.
15:52 of 3rd period - Shot by Mike Vecchione.
15:52 of 3rd period - Shot Blocked by Stepan Falkovsky.
16:35 of 3rd period - Shot by Brendan Warren.
16:35 of 3rd period - Shot Misses the Net.
16:37 of 3rd period - Shot by Robert Bortuzzo.
16:37 of 3rd period - Stopped by Tyler Parsons without a rebound.
16:38 of 3rd period - Patrick Harper wins face-off versus Alex Dostie in Crunch zone.
16:51 of 3rd period - Shot by Paul Bittner.
16:51 of 3rd period - Stopped by Garrett Metcalf with a rebound.
16:58 of 3rd period - Alex Dostie is hit by Mikko Kokkonen and loses puck.
17:04 of 3rd period - Alexis D'Aoust is hit by Mikko Kokkonen and loses puck.
17:13 of 3rd period - Shot by Alex Dostie.
17:13 of 3rd period - Shot Misses the Net.
17:27 of 3rd period - Xavier Bouchard is hit by Adam Cracknell and loses puck.
18:06 of 3rd period - Adam Cracknell is hit by Mason Shaw and loses puck.
18:27 of 3rd period - Alexis D'Aoust is hit by Riley Nash and loses puck.
19:08 of 3rd period - Shot by Jean-Christophe Beaudin.
19:08 of 3rd period - Stopped by Garrett Metcalf with a rebound.
19:14 of 3rd period - Shot by Jean-Christophe Beaudin.
19:14 of 3rd period - Shot Blocked by Robert Bortuzzo.
19:40 of 3rd period - Shot by Jordy Bellerive.
19:40 of 3rd period - Shot Blocked by Connor Corcoran.
19:42 of 3rd period - Shot by Fredrik Olofsson.
19:42 of 3rd period - Shot Blocked by Axel Andersson.
19:44 of 3rd period - Shot by Andrei Altybarmakyan.
19:44 of 3rd period - Shot Blocked by Axel Andersson.
19:46 of 3rd period - Shot by Jordy Bellerive.
19:46 of 3rd period - Shot Blocked by Blaine Byron.
19:48 of 3rd period - Shot by Julius Bergman.
19:48 of 3rd period - Stopped by Tyler Parsons without a rebound.
19:49 of 3rd period - Mike Vecchione wins face-off versus Albin Grewe in Crunch zone.
Goals for this period are 3 for Barracuda vs 0 for Crunch.
Shots for this period are 10 for Barracuda vs 10 for Crunch.